 Dungeon Crawl Stone Soup version 0.31-a0-836-g3ceb0a68c4 (webtiles) character file.

Game seed: 11022165844790480307

66 SmokeWeed the Changeling (level 4, -2/28 HPs)
             Began as an Octopode Shapeshifter on Sept 26, 2023.
             Slain by an orc
             ... wielding a +0 hand axe
              (5 damage)
             ... on level 3 of the Dungeon.
             The game lasted 00:03:34 (2680 turns).

SmokeWeed the Changeling (Octopode Shapeshifter)    Turns: 2680, Time: 00:03:35

Health: -2/28      AC:  1    Str: 13    XL:     4   Next: 15%
Magic:  13/13      EV: 13    Int: 12    God:
Gold:   144        SH:  0    Dex: 13    Spells: 3/3 levels left

rFire   . . .        p - +0 flail
rCold   . . .        (no shield)
rNeg    . . .        (helmet currently unavailable)
rPois   .            (no amulet)
rElec   .            f - ring of magical power
rCorr   .            (no ring)
SInv    .            (no ring)
Will    .....        (no ring)
Stlth   +++          (no ring)
HPRegen 0.24/turn    (no ring)
MPRegen 0.13/turn    (no ring)
                     (no ring)

%: no passive effects
@: beast-form
A: beast (slay +2), almost no armour, amphibious, 8 rings, camouflage 1,
gelatinous body 1, (nimble swimmer 1), tentacles
a: Begin Untransformation


You were on level 3 of the Dungeon.
You were a hulking beast.
You visited 1 branch of the dungeon, and saw 3 of its levels.

You collected 144 gold pieces.

Inventory:

Hand Weapons
 e - a +0 club
 h - a +0 whip
 k - a +0 mace
 p - a +0 flail (weapon)
Missiles
 m - 8 poisoned darts
Jewellery
 f - a ring of magical power (left tentacle)
Talismans
 b - a beast talisman (active)
 c - a flux talisman
Scrolls
 d - 3 scrolls of poison {unknown}
 i - a scroll of blinking {unknown}
 j - 8 scrolls of identify {unknown}
 n - a scroll of noise {unknown}
 o - 2 scrolls of amnesia {unknown}
Potions
 a - a potion of lignification
 g - a potion of curing {unknown}
 l - a potion of brilliance {unknown}
 q - a potion of invisibility {unknown}


   Skills:
 + Level 1.3 Fighting
 + Level 1.6 Maces & Flails
 + Level 2.2 Dodging
 + Level 1.8 Stealth
 + Level 3.3 Unarmed Combat
 + Level 3.5 Shapeshifting


You had 3 spell levels left.
You didn't know any spells.
Your spell library was empty.

Dungeon Overview and Level Annotations

Branches:
Dungeon (3/15)

Altars:


Innate Abilities, Weirdness & Mutations

You are a hulking beast.
Your limbs bulge with bestial killing power. (Slay +2)
You cannot wear most types of armour.
You are amphibious.
You can wear up to eight rings at the same time.
Your skin changes colour to match your surroundings (Stealth+).
Your rubbery body absorbs attacks. (AC +1, EV +1)
((You are camouflaged when in or above water. (Stealth+)))
You have tentacles for arms and can constrict up to eight enemies at once.


Message History

The orc attacks as it pursues you! The orc closely misses you.
The orc attacks as it pursues you! The orc hits you with a +0 hand axe.
The orc hits you with a +0 mace. The orc attacks as it pursues you!
The orc closely misses you. The orc misses you.
You hear the rapid rusting of a drain nearby.
The orc attacks as it pursues you! The orc hits you with a +0 hand axe!
The orc attacks as it pursues you! The orc misses you.
The orc throws a boomerang.
The boomerang barely misses you.
The orc throws a boomerang.
The boomerang misses you.
The orc throws a boomerang.
The boomerang hits you. The orc hits you with a +0 mace!
* * * LOW HITPOINT WARNING * * *
You closely miss the orc. You grab the orc. Your squeeze misses the orc.
You constrict the orc. The orc barely misses you.
You sock the orc!
You kill the orc!
The orc closely misses you.
Things that are here:
a +0 mace; 3 boomerangs You hit the orc.
Your grab misses the orc. Your squeeze misses the orc.
The orc is heavily wounded.
The orc hits you with a +0 whip.
* * * LOW HITPOINT WARNING * * *
The orc closely misses you.
You barely miss the orc. You grab the orc.
You squeeze the orc, but do no damage.
The orc is heavily wounded.
You constrict the orc. The orc closely misses you.
You hit the orc.
You kill the orc!
You hit the orc. You grab the orc. You squeeze the orc.
The orc is severely wounded.
You constrict the orc. The orc misses you.
You sock the orc!
You kill the orc!
You hit the orc. Your grab misses the orc.
The orc is heavily wounded.
The orc hits you with a +0 hand axe.
You die...

.....# #.#
.....# #.#
.....# #.#
#####
.....# #.#
#...#
.....# #.#
#.#.#
#+#### #.#
#.#.#
#.###.#.#
#.....#.#
#######h#
#o# #o#
#########.#
..........#
..........#
..........#
..........#
..........#


You could see 2 orcs.

Vanquished Creatures
  An adder (D:3)
  3 worms (D:2)
  3 orcs (D:3)
  4 endoplasms
  5 goblins
  4 hobgoblins
  2 jackals (D:2)
  4 kobolds
  A quokka (D:2)
  4 ball pythons (D:2)
  9 bats
  3 frilled lizards
  3 rats
46 creatures vanquished.

Notes
Turn   | Place    | Note
-------+----------+-------------------------------------------
     0 | D:1      | SmokeWeed the Octopode Shapeshifter began the quest for the
                  | Orb.
     0 | D:1      | Reached XP level 1. HP: 13/13 MP: 1/1
   526 | D:1      | Reached XP level 2. HP: 14/18 MP: 2/2
  1348 | D:2      | Reached skill level 1 in Stealth
  1430 | D:2      | Reached XP level 3. HP: 22/23 MP: 3/3
  1583 | D:2      | Found a faded altar of an unknown god.
  1892 | D:2      | Reached skill level 1 in Maces & Flails
  2245 | D:3      | Reached XP level 4. HP: 25/28 MP: 4/4
  2675 | D:3      | HP: 1/28 [orc/+0 whip (3)]
  2680 | D:3      | Slain by an orc

Illustrated notes

Levels and vault maps discovered:
D:1:      nagdon_arrival_zigzag_paths, layout_basic
D:2:      layout_basic, basic_ecumenical_altar
D:3:      layout_basic, cheibrodos_sewer_entry_bend

Skill      XL: |  1  2  3 |
---------------+----------+-----
Stealth        | 1 |  1.8
Maces & Flails | 1 |  1.6
Fighting       | |  1.3
Dodging        | |  2.2
Unarmed Combat | |  3.3
Shapeshifting  | |  3.5

Action                     |  1- 3 |  4- 6 || total
---------------------------+-------+-------++-------
  Melee: Constrict         |    20 |     4 ||    24
         Unarmed           |     3 |       ||     3
         Mace              |    56 |       ||    56
         Club              |     2 |       ||     2
         Whip              |     2 |       ||     2
         Tentacles         |    14 |     2 ||    16
         Flail             |     9 |     9 ||    18
   Stab: Sleeping          |    10 |       ||    10
 Armour: Skin              |    31 |     9 ||    40
  Dodge: Dodged            |    42 |    14 ||    56

Table legend: (Time is in decaauts)
 A = Elapsed time spent in this place.
 B = Non-inter-level travel time spent in this place.
 C = Inter-level travel time spent in this place.
 D = Time resting spent in this place.
 E = Time spent auto-exploring this place.
 F = Levels seen in this place.
 G = Mean time per level.
                   A        B        C        D        E       F      G
               +--------+--------+--------+--------+--------+-----+--------+
         Total |   2705 |   2662 |     43 |      0 |   2172 |   3 |  901.7 |
       Dungeon |   2705 |   2662 |     43 |      0 |   2172 |   3 |  901.7 |
               +--------+--------+--------+--------+--------+-----+--------+

Top non-repeatable levels by time:
     D:1: 1210 daAuts
     D:2: 892 daAuts
     D:3: 602 daAuts
